 Dungeon Crawl Stone Soup version 0.21.1-1-g345015fe64 (webtiles) character file.

271 Evaline the Shooter (level 6, -1/50 HPs)
             Began as a Centaur Hunter on June 25, 2018.
             Slain by a bullfrog (2 damage)
             ... on level 4 of the Dungeon.
             The game lasted 00:20:07 (3606 turns).

Evaline the Shooter (Centaur Hunter)                Turns: 3606, Time: 00:20:09

Health: -1/50      AC:  7    Str: 16    XL:     6   Next: 2%
Magic:  6/6        EV:  9    Int: 15    God:
Gold:   172        SH:  0    Dex: 10    Spells: 5/5 levels left

rFire    . . .     SeeInvis .   b - +2 shortbow
rCold    . . .     Gourm    .   (shield currently unavailable)
rNeg     . . .     Faith    .   r - +0 ring mail
rPois    .         Spirit   .   (no helmet)
rElec    .         Reflect  .   (no cloak)
rCorr    .         Harm     .   (no gloves)
MR       .....     Rnd*Tele +   (no barding)
Stlth    ..........             (no amulet)
HPRegen  0.16/turn              p - +1 ring of protection
MPRegen  0.10/turn              v - ring of teleportation

@: brilliant, very quick
A: large, hooves 3, deformed body, speed 2, tough skin 3
a: no special abilities


You were on level 4 of the Dungeon.
You were not hungry.

You visited 1 branch of the dungeon, and saw 4 of its levels.

You collected 172 gold pieces.

Inventory:

Hand Weapons
 a - a +0 whip
 b - a +2 shortbow (weapon)
 w - a +0 trident
 x - a +0 hand axe
Missiles
 d - 77 arrows (quivered)
 m - 4 needles of sleeping
Armour
 c - a +0 leather armour
 q - a cursed +0 leather armour
 r - a +0 ring mail (worn)
Magical Staves
 u - an uncursed staff of air {unknown}
Jewellery
 p - a +1 ring of protection (left hand)
 v - a ring of teleportation (right hand)
Scrolls
 e - 2 scrolls of enchant armour
 h - 5 scrolls of identify
 i - 6 scrolls of teleportation
 n - a scroll of amnesia
Potions
 j - 2 potions of cancellation
 s - a potion of heal wounds {unknown}
 t - a potion of magic {unknown}
Comestibles
 f - 4 rations
 g - 3 chunks of flesh


   Skills:
 + Level 2.5 Fighting
 + Level 1.2 Maces & Flails
 + Level 1.1 Polearms
 * Level 7.1 Bows
 * Level 2.3 Armour
 + Level 1.9 Dodging
 - Level 0.4 Stealth


You had 5 spell levels left.
You didn't know any spells.

Dungeon Overview and Level Annotations

Branches:
Dungeon (4/15)
 Temple: D:4-7

Altars:
Elyvilon
Gozag
Qazlal
Ru

Annotations:
D:4 Evaline's ghost, novice CeHu


Innate Abilities, Weirdness & Mutations

You have hooves in place of feet.
Armour fits poorly on your strangely shaped body.
You cover ground very quickly.
You have extremely tough skin. (AC +3)


Message History

The hound bites you.
* * * LOW HITPOINT WARNING * * *
Firing (i - inventory):
d - 78 arrows (quivered)
Press: ? - help, Shift-Dir - straight line, f/p - hound
Aim: a hound (heavily wounded)
You shoot an arrow. The arrow hits the hound!
You kill the hound!
You have reached level 6!
Your experience leads to an increase in your attributes!
Increase (S)trength, (I)ntelligence, or (D)exterity?
You feel stronger.
The scorpion stings you but does no damage.
It was a potion of brilliance.
You feel clever all of a sudden. The bullfrog hits you.
* * * LOW HITPOINT WARNING * * *
The scorpion stings you.
* * * LOW HITPOINT WARNING * * *
The bullfrog hits you.
You die...

#..(....s..$...
#
#.#...###..###.
#. #.##.##
#..+_'. ##(# #
#s# #..###.
#...### #.#
#...... .....
#.# #...... ...
#.# #######
#F######.#
#.@s.....#
##########


You could see a bullfrog and a scorpion.

Vanquished Creatures
  The ghost of Tali the Covered, an amateur MiFi (D:3)
  A hound (D:4)
  5 adders
  An ooze (D:2)
  4 worms
  2 dart slugs
  3 orcs (D:3)
  8 giant cockroaches
  8 goblins
  12 hobgoblins
  11 jackals
  6 bats
  5 frilled lizards
  12 kobolds
  6 rats
85 creatures vanquished.

Notes
Turn   | Place    | Note
-------+----------+-------------------------------------------
     0 | D:1      | Evaline the Centaur Hunter began the quest for the Orb.
     0 | D:1      | Reached XP level 1. HP: 17/17 MP: 1/1
   279 | D:1      | Reached XP level 2. HP: 19/24 MP: 2/2
   615 | D:1      | Reached skill level 6 in Bows
  1133 | D:1      | Reached XP level 3. HP: 19/29 MP: 3/3
  1467 | D:2      | Reached skill level 1 in Armour
  2079 | D:2      | Reached XP level 4. HP: 35/36 MP: 4/4
  2258 | D:3      | Noticed Tali's ghost (amateur MiFi)
  2297 | D:3      | Found an opulent altar of Gozag.
  2430 | D:3      | Killed Tali's ghost
  2430 | D:3      | Reached skill level 1 in Maces & Flails
  2430 | D:3      | Reached XP level 5. HP: 20/42 MP: 5/5
  2660 | D:3      | Reached skill level 1 in Polearms
  3354 | D:3      | Found a sacrificial altar of Ru.
  3468 | D:4      | Noticed Evaline's ghost (novice CeHu)
  3471 | D:4      | Found a white marble altar of Elyvilon.
  3528 | D:4      | Reached skill level 7 in Bows
  3573 | D:4      | Found a stormy altar of Qazlal.
  3605 | D:4      | Reached XP level 6. HP: 7/50 MP: 6/6
  3606 | D:4      | HP: 1/50 [scorpion (2)]
  3606 | D:4      | Slain by a bullfrog

Skill      XL: |  1  2  3  4  5 |
---------------+----------------+-----
Bows           | 6 7 |  7.1
Armour         | 1 2 |  2.3
Maces & Flails | 1 |  1.2
Polearms       | 1 |  1.1
Fighting       | |  2.5
Dodging        | |  1.9
Stealth        | |  0.4

Action                   |  1- 3 |  4- 6 || total
-------------------------+-------+-------++-------
Melee: Club              |    67 |       ||    67
       Short sword       |     6 |       ||     6
       Kick              |    18 |    12 ||    30
       Whip              |   112 |    69 ||   181
       Spear             |       |    51 ||    51
 Fire: Shortbow          |    11 |    50 ||    61
  Use: Scroll            |       |     7 ||     7
       Potion            |       |     1 ||     1
  Eat: Chunk             |     3 |     4 ||     7
Armor: Leather armour    |    78 |    36 ||   114
       Ring mail         |       |    49 ||    49
Dodge: Dodged            |   113 |    92 ||   205
